 Dungeon Crawl Stone Soup version 0.32-a0-576-g706899e69d (webtiles) character file.

Game seed: 9155695286897793421

47 dialectric the Sneak (level 3, -3/25 HPs)
             Began as an Octopode Brigand on Mar 2, 2024.
             Slain by a goblin
             ... wielding a +0 club
             ... led by Robin
              (7 damage)
             ... on level 2 of the Dungeon.
             The game lasted 00:01:16 (656 turns).

dialectric the Sneak (Octopode Brigand)              Turns: 656, Time: 00:01:16

Health: -3/25      AC:  1    Str: 12    XL:     3   Next: 70%
Magic:  3/3        EV: 13    Int: 13    God:
Gold:   54         SH:  0    Dex: 13    Spells: 2/2 levels left

rFire   . . .        a - +2 dagger
rCold   . . .        (no shield)
rNeg    . . .        (helmet restricted)
rPois   .            (no amulet)
rElec   .            (no ring)
rCorr   .            (no ring)
SInv    .            (no ring)
Will    .....        (no ring)
Stlth   ++++         (no ring)
HPRegen 0.24/turn    (no ring)
MPRegen 0.08/turn    (no ring)
                     (no ring)

%: no passive effects
@: no status effects
A: almost no armour, amphibious, 8 rings, camouflage 1, gelatinous body 1,
(nimble swimmer 1), tentacles
a: no special abilities


You were on level 2 of the Dungeon.
You visited 1 branch of the dungeon, and saw 2 of its levels.

You collected 54 gold pieces.

Inventory:

Hand Weapons
 a - a +2 dagger (weapon)
Missiles
 b - 9 poisoned darts (quivered)
 c - 3 curare-tipped darts
Talismans
 i - a maw talisman
Scrolls
 d - 2 scrolls of teleportation {unknown}
 e - a scroll of fog {unknown}
 h - a scroll of poison {unknown}
Potions
 f - a potion of haste {unknown}
 g - 2 potions of curing {unknown}


   Skills:
 + Level 2.3 Fighting
 + Level 2.4 Short Blades
 + Level 2.3 Throwing
 * Level 2.0 Dodging
 + Level 5.7 Stealth


You had 2 spell levels left.
You didn't know any spells.
Your spell library was empty.

Dungeon Overview and Level Annotations

Branches:
Dungeon (2/15)

Altars:

Annotations:
D:2 Robin


Innate Abilities, Weirdness & Mutations

You cannot wear most types of armour.
You are amphibious.
You can wear up to eight rings at the same time.
Your skin changes colour to match your surroundings (Stealth+).
Your rubbery body absorbs attacks. (AC +1, EV +1)
((You are camouflaged when in or above water. (Stealth+)))
You have tentacles for arms and can constrict up to eight enemies at once.


Message History

A goblin comes into view. It is wielding a +0 club.
The hobgoblin shouts!
You hear an angry hiss. x2
There are monsters nearby!
A goblin comes into view. It is wielding a +0 dagger.
Found a scroll labelled SIONAB RESHAHY.
The goblin shouts!
You hear a shout!
The goblin hits you with a +1 dagger of electrocution.
Robin throws the goblin at you! The goblin barely misses you.
The goblin shouts!
You hear an angry hiss.
A goblin comes into view. It is wielding a +0 club.
The goblin closely misses you.
Robin roars a battlecry!
The goblins go into a battle-frenzy!
You closely miss the goblin. You grab the goblin. You constrict the goblin.
You kill the goblin!
The hobgoblin hits you but does no damage.
The goblin misses you. The goblin closely misses you.
You hit the goblin.
You kill the goblin!
An adder comes into view.
The goblin misses you. The goblin hits you but does no damage.
Robin throws the goblin at you!
A frilled lizard comes into view.
The frilled lizard hisses angrily.
You hit the goblin but do no damage. You grab the goblin.
You constrict the goblin. The hobgoblin closely misses you.
The hobgoblin hits you. The goblin hits you with a +0 club!
The goblin barely misses you. The goblin hits you but does no damage.
The frilled lizard hisses.
You hit the goblin.
You kill the goblin!
The hobgoblin barely misses you. Robin throws the goblin at you!
The goblin misses you. The hobgoblin completely misses you.
Items here: ))) ††.
Unknown command.
The goblin hits you with a +0 club!
* * * LOW HITPOINT WARNING * * *
The goblin hits you with a +0 club!
You die...

#.# ###... #####.##
###..... ...#.. ......#
#...# #..g.# #...#
....# #.|.## #gg#
#..#.##
.#.####g.#####.###.####
....l..ggg.@....#.....#
.
?#.####S##g.##...####.#
.. #.##............#
...
#..(........##..##....
####..#...............
#..##...###..###...
#..###.## #..# .
#..###.# #..# #......#
#..#


You could see an adder, 2 hobgoblins, 3 goblins and a frilled lizard.

Vanquished Creatures
  A gnoll (D:1)
  2 dart slugs (D:1)
  5 endoplasms
  5 goblins
  2 hobgoblins
  4 jackals (D:1)
  A ball python (D:1)
  4 bats
  A frilled lizard (D:2)
  4 kobolds (D:1)
  2 rats (D:1)
31 creatures vanquished.

Notes
Turn   | Place    | Note
-------+----------+-------------------------------------------
     0 | D:1      | dialectric the Octopode Brigand began the quest for the
                  | Orb.
     0 | D:1      | Reached XP level 1. HP: 14/14 MP: 1/1
   151 | D:1      | Reached XP level 2. HP: 14/19 MP: 2/2
   380 | D:1      | Reached XP level 3. HP: 24/24 MP: 3/3
   647 | D:2      | Noticed Robin
   656 | D:2      | Slain by a goblin

Illustrated notes

Levels and vault maps discovered:
D:1:      dpeg_arrival_water_temple_mockup, layout_rooms, serial_park_tiny_1
D:2:      layout_loops_ring, basic_altar, serial_bayou_pond_c, uniq_terence,
          uniq_robin, uniq_crazy_yiuf_cottage

Skill      XL: |  1  2  3 |
---------------+----------+-----
Dodging        | 2 |  2.0
Fighting       | |  2.3
Short Blades   | |  2.4
Throwing       | |  2.3
Stealth        | |  5.7

Action                     || total
---------------------------++-------
  Melee: Dagger            ||    50
         Tentacles         ||    12
         Constrict         ||    13
   Stab: Sleeping          ||     9
 Armour: Skin              ||    29
  Dodge: Dodged            ||    34

Table legend: (Time is in decaauts)
 A = Elapsed time spent in this place.
 B = Non-inter-level travel time spent in this place.
 C = Inter-level travel time spent in this place.
 D = Time resting spent in this place.
 E = Time spent auto-exploring this place.
 F = Levels seen in this place.
 G = Mean time per level.
                   A        B        C        D        E       F      G
               +--------+--------+--------+--------+--------+-----+--------+
         Total |    650 |    625 |     25 |      0 |    464 |   2 |  325.0 |
       Dungeon |    650 |    625 |     25 |      0 |    464 |   2 |  325.0 |
               +--------+--------+--------+--------+--------+-----+--------+

Top non-repeatable levels by time:
     D:1: 579 daAuts
     D:2: 71 daAuts
